COLUMBUS Blue Jackets vs WASHINGTON Capitals (R4)

Created - 19 février 2024 at 21:27

Goals
1 2 3 OT1 T
COLUMBUS Blue Jackets 0 2 0 0 2
WASHINGTON Capitals 1 0 1 1 3
Shots
1 2 3 OT1 T
COLUMBUS Blue Jackets 4 10 10 0 24
WASHINGTON Capitals 12 5 16 4 37

1st period

1. WASHINGTON Capitals , Brock Boeser 3 (William Karlsson 6, Torey Krug 2) at 7:13 (PP)

Penalties :
Artturi Lehkonen (CLB) for Tripping (Minor) at 3:44, Andre Burakovsky (CLB) for Tripping (Minor) at 6:14, Ryan Pulock (CLB) for Hooking (Minor) at 18:08

2nd period

2. COLUMBUS Blue Jackets , Evan Rodrigues 4 (Dmitry Orlov 4, Ryan Pulock 8) at 7:22
3. COLUMBUS Blue Jackets , Dmitry Orlov 3 (Ryan Pulock 9, Ondrej Palat 2) at 19:26 (PP)

Penalties :
Barrett Hayton (WSH) for Slashing (Minor) at 3:45, Carson Soucy (WSH) for Holding (Minor) at 18:35

3rd period

4. WASHINGTON Capitals , Ivan Barbashev 3 (Mario Ferraro 5, William Karlsson 7) at 12:52

Penalties :
Pavel Buchnevich (WSH) for Roughing (Minor) at 1:36, Kevin Shattenkirk (WSH) for Holding (Minor) at 4:29, Dmitry Orlov (CLB) for Holding (Minor) at 8:15, Calvin de Haan (CLB) for Interference (Minor) at 8:42, Mario Ferraro (WSH) for High sticking (Minor) at 16:26, Lars Eller (CLB) for Tripping (Minor) at 18:49

Overtime #1

5. WASHINGTON Capitals , Barrett Hayton 1 (Christian Dvorak 2, Carson Soucy 3) at 1:33

Penalties :
No Penalty

Goalie Stats

Thatcher Demko (CLB), 34 saves from 37 shots - (0,919), OTL, 4-6-1, 61:34 minutes
Scott Wedgewood (WSH), 22 saves from 24 shots - (0,917), W, 4-5-1, 61:34 minutes

Players Stats for COLUMBUS Blue Jackets

Player Name              G  A  P  +/- PIM S  H  SB GA TA FO     MP     PP MP  PK MP  
------------------------------------------------------------------------------------
Andre Burakovsky         0  0  0   0  2   0  0  0  0  0  1/1     9:15   0:00   0:00 
Anthony Cirelli          0  0  0   0  0   5  0  1  0  0  24/51  25:01   4:26   4:27 
Artturi Lehkonen         0  0  0  -1  2   4  1  0  0  0  1/5    25:53   4:26   4:35 
Blake Coleman            0  0  0   0  0   0  3  0  0  0  0/2    23:23   4:26   2:49 
Calvin de Haan           0  0  0   0  2   0  2  1  0  0  0/0    13:08   0:00   1:48 
Dmitry Orlov             1  1  2   1  2   2  4  1  0  0  0/0    26:16   5:06   4:32 
Eric Staal               0  0  0  -1  0   1  2  0  0  0  5/10    5:31   0:00   0:00 
Evan Rodrigues           1  0  1   0  0   2  2  0  0  0  4/10   19:40   4:21   2:49 
Jake Evans               0  0  0   0  0   1  1  0  0  0  5/11    9:16   0:00   0:00 
Kailer Yamamoto          0  0  0   0  0   1  1  0  0  0  0/0    16:51   4:21   0:00 
Lars Eller               0  0  0   0  2   2  1  0  0  0  5/15   13:12   0:00   0:43 
Martin Fehervary         0  0  0  -1  0   1  4  0  0  0  0/0    21:40   3:41   3:18 
Matt Benning             0  0  0   0  0   0  0  1  0  0  0/0    12:03   0:00   0:43 
Neal Pionk               0  0  0  -1  0   1  1  1  0  0  0/0    22:14   3:41   3:52 
Ondrej Palat             0  1  1   0  0   1  2  0  0  0  0/1    13:37   4:21   0:00 
Ryan Poehling            0  0  0   0  0   0  0  0  0  0  0/0     4:46   0:00   0:00 
Ryan Pulock              0  2  2   0  2   3  4  1  0  0  0/0    26:59   5:06   4:30 
Zemgus Girgensons        0  0  0   0  0   0  0  0  0  0  1/1     5:46   0:00   1:00 

Players Stats for WASHINGTON Capitals

Player Name              G  A  P  +/- PIM S  H  SB GA TA FO     MP     PP MP  PK MP  
------------------------------------------------------------------------------------
Barrett Hayton           1  0  1   1  2   2  0  0  0  0  5/8     5:43   0:00   0:56 
Brock Boeser             1  0  1  -1  0   2  3  0  0  0  0/0    21:33   4:24   0:00 
Carson Soucy             0  1  1   2  2   0  4  1  0  0  0/0    17:20   0:00   4:22 
Casey Mittelstadt        0  0  0   1  0   1  2  0  0  0  2/2    12:54   0:00   0:35 
Christian Dvorak         0  1  1   1  0   4  0  0  0  0  10/19  12:45   0:00   2:51 
Ian Cole                 0  0  0  -1  0   0  2  0  0  0  0/0    18:20   0:00   6:31 
Ivan Barbashev           1  0  1   1  0   7  0  0  0  0  0/1    16:28   4:09   0:00 
Jason Dickinson          0  0  0   0  0   0  4  0  0  0  0/0     9:09   0:00   0:00 
John Carlson             0  0  0   0  0   1  1  1  0  0  0/0    26:53   4:42   3:34 
Kevin Shattenkirk        0  0  0   0  2   2  2  0  0  0  0/0    24:36   4:42   2:35 
Mario Ferraro            0  1  1   1  2   0  3  3  0  0  0/0    20:29   3:51   3:34 
Matt Duchene             0  0  0  -1  0   3  1  0  0  0  19/36  21:18   4:09   0:00 
Pavel Buchnevich         0  0  0  -1  2   6  3  1  0  0  0/1    22:21   4:24   0:00 
Ross Colton              0  0  0   0  0   1  1  0  0  0  0/0     4:03   0:00   0:00 
Ryan Strome              0  0  0   0  0   1  3  0  0  0  1/1    13:18   4:09   0:00 
Torey Krug               0  1  1  -1  0   1  3  1  0  0  0/0    21:13   3:51   3:29 
Travis Boyd              0  0  0   0  0   0  0  0  0  0  0/1     4:03   0:00   0:00 
William Karlsson         0  2  2   1  0   6  1  0  0  0  24/38  24:13   4:24   6:41 

3 Stars

1 - Dmitry Orlov (CLB)
2 - William Karlsson (WSH)
3 - Ivan Barbashev (WSH)

Power Play

COLUMBUS Blue Jackets - 1 on 5 Attempt(s) - 20,00%
WASHINGTON Capitals - 1 on 6 Attempt(s) - 16,67%

Penalty Kill

COLUMBUS Blue Jackets - 5 on 6 Attempt(s) - 83,33% - Score 0 goal in Penalty Kill
WASHINGTON Capitals - 4 on 5 Attempt(s) - 80,00% - Score 0 goal in Penalty Kill

Team Stat

COLUMBUS Blue Jackets - Hits : 28 - Faceoff Wins : 46 - Blocked Shots : 6 - Penalty Minutes : 12
WASHINGTON Capitals - Hits : 33 - Faceoff Wins : 61 - Blocked Shots : 7 - Penalty Minutes : 10

Official

Referees : Trey Pecina and Eric Furlatt
Linesman : Jonny Murray and James Tobias

Game Notes

No Game Note

Finance

Level 1 -- Attendance: 4822 (80,37%) -- Ticket Income $482,200
Level 2 -- Attendance: 4128 (82,56%) -- Ticket Income $247,680
Level 3 -- Attendance: 1871 (93,55%) -- Ticket Income $74,840
Level 4 -- Attendance: 2891 (72,28%) -- Ticket Income $72,275
Luxury Box -- Attendance: 873 (87,30%) -- Ticket Income $174,600
Game was played at the Verizon Center.
Total Attendance: 14585 (81,03%)
Total Ticket Income: $1,051,595
Other Income: $262,899
Total Income: $1,314,494

COLUMBUS Blue Jackets

5 vs 5 Forward 
   Center                   Left Wing                Right Wing               Time % Phy DF OF 
 1 Anthony Cirelli          Artturi Lehkonen         Blake Coleman            40     0   3  2  
 2 Lars Eller               Evan Rodrigues           Kailer Yamamoto          30     0   3  2  
 3 Jake Evans               Andre Burakovsky         Ondrej Palat             20     0   3  2  
 4 Eric Staal               Ryan Poehling            Zemgus Girgensons        10     0   4  1  

5 vs 5 Defense 
   Defense                  Defense                                           Time % Phy DF OF 
 1 Dmitry Orlov             Ryan Pulock                                       40     0   3  2  
 2 Neal Pionk               Martin Fehervary                                  30     0   3  2  
 3 Matt Benning             Calvin de Haan                                    20     0   4  1  
 4 Dmitry Orlov             Ryan Pulock                                       10     1   3  1  

PowerPlay Forward 
   Center                   Left Wing                Right Wing               Time % Phy DF OF 
 1 Anthony Cirelli          Artturi Lehkonen         Blake Coleman            60     0   1  4  
 2 Evan Rodrigues           Ondrej Palat             Kailer Yamamoto          40     0   1  4  

PowerPlay Defense
   Defense                  Defense                                           Time % Phy DF OF 
 1 Dmitry Orlov             Ryan Pulock                                       60     0   1  4  
 2 Neal Pionk               Martin Fehervary                                  40     0   1  4  

Penalty Kill 4 Players Forward 
   Center                   Wing                     Time % Phy DF OF 
 1 Anthony Cirelli          Artturi Lehkonen         60     0   5  0  
 2 Evan Rodrigues           Blake Coleman            40     0   5  0  

Penalty Kill 4 Players Defense
   Defense                  Defense                  Time % Phy DF OF 
 1 Dmitry Orlov             Ryan Pulock              60     0   5  0  
 2 Neal Pionk               Martin Fehervary         40     0   5  0  

Penalty Kill - 3 Players Forward 
   Forward                                           Time % Phy DF OF 
 1 Artturi Lehkonen                                  60     0   5  0  
 2 Anthony Cirelli                                   40     0   5  0  

Penalty Kill - 3 Players Defense
   Defense                  Defense                  Time % Phy DF OF 
 1 Dmitry Orlov             Ryan Pulock              60     0   5  0  
 2 Neal Pionk               Martin Fehervary         40     0   5  0  

4 vs 4 Forward 
   Center                   Wing                     Time % Phy DF OF 
 1 Evan Rodrigues           Blake Coleman            60     0   3  2  
 2 Lars Eller               Ondrej Palat             40     0   3  2  

4 vs 4 Defense
   Defense                  Defense                  Time % Phy DF OF 
 1 Dmitry Orlov             Ryan Pulock              60     0   4  1  
 2 Neal Pionk               Martin Fehervary         40     0   4  1  

Last Minutes Offensive
   Center                   Left Wing                Right Wing               Defense                  Defense                  
   Anthony Cirelli          Artturi Lehkonen         Blake Coleman            Dmitry Orlov             Ryan Pulock              

Last Minutes Defensive
   Center                   Left Wing                Right Wing               Defense                  Defense                  
   Anthony Cirelli          Artturi Lehkonen         Blake Coleman            Dmitry Orlov             Ryan Pulock              

Goaltenders
Starting : Thatcher Demko           
Backup : Mackenzie Blackwood      

Extra Forwards
Normal : Eric Staal, Jake Evans, Lars Eller - PP : Eric Staal, Jake Evans - PK : Lars Eller
Extra Defensemen
Normal : Matt Benning, Calvin de Haan, Neal Pionk - PP : Matt Benning - PK : Calvin de Haan, Neal Pionk
Penalty Shots
Artturi Lehkonen, Anthony Cirelli, Evan Rodrigues, Blake Coleman, Kailer Yamamoto

Scratches
Max Pacioretty (Healthy)

WASHINGTON Capitals

5 vs 5 Forward 
   Center                   Left Wing                Right Wing               Time % Phy DF OF 
 1 Matt Duchene             Pavel Buchnevich         Brock Boeser             40     1   2  2  
 2 William Karlsson         Ivan Barbashev           Casey Mittelstadt        30     1   2  2  
 3 Christian Dvorak         Jason Dickinson          Ryan Strome              25     2   2  1  
 4 Barrett Hayton           Ross Colton              Travis Boyd              5      2   2  1  

5 vs 5 Defense 
   Defense                  Defense                                           Time % Phy DF OF 
 1 John Carlson             Kevin Shattenkirk                                 40     0   4  1  
 2 Ian Cole                 Torey Krug                                        30     1   3  1  
 3 Mario Ferraro            Carson Soucy                                      20     1   3  1  
 4 Torey Krug               John Carlson                                      10     0   4  1  

PowerPlay Forward 
   Center                   Left Wing                Right Wing               Time % Phy DF OF 
 1 William Karlsson         Pavel Buchnevich         Brock Boeser             60     1   0  4  
 2 Matt Duchene             Ivan Barbashev           Ryan Strome              40     1   0  4  

PowerPlay Defense
   Defense                  Defense                                           Time % Phy DF OF 
 1 John Carlson             Kevin Shattenkirk                                 70     0   1  4  
 2 Mario Ferraro            Torey Krug                                        30     0   1  4  

Penalty Kill 4 Players Forward 
   Center                   Wing                     Time % Phy DF OF 
 1 William Karlsson         Ian Cole                 60     1   4  0  
 2 Christian Dvorak         Ian Cole                 40     1   4  0  

Penalty Kill 4 Players Defense
   Defense                  Defense                  Time % Phy DF OF 
 1 John Carlson             Mario Ferraro            60     1   4  0  
 2 Kevin Shattenkirk        Carson Soucy             40     1   4  0  

Penalty Kill - 3 Players Forward 
   Forward                                           Time % Phy DF OF 
 1 William Karlsson                                  60     0   5  0  
 2 Jason Dickinson                                   40     0   5  0  

Penalty Kill - 3 Players Defense
   Defense                  Defense                  Time % Phy DF OF 
 1 John Carlson             Mario Ferraro            60     0   5  0  
 2 Kevin Shattenkirk        Carson Soucy             40     0   5  0  

4 vs 4 Forward 
   Center                   Wing                     Time % Phy DF OF 
 1 William Karlsson         Pavel Buchnevich         60     1   2  2  
 2 Matt Duchene             Brock Boeser             40     1   2  2  

4 vs 4 Defense
   Defense                  Defense                  Time % Phy DF OF 
 1 John Carlson             Kevin Shattenkirk        60     1   2  2  
 2 Mario Ferraro            Torey Krug               40     1   2  2  

Last Minutes Offensive
   Center                   Left Wing                Right Wing               Defense                  Defense                  
   Matt Duchene             Pavel Buchnevich         Brock Boeser             John Carlson             Kevin Shattenkirk        

Last Minutes Defensive
   Center                   Left Wing                Right Wing               Defense                  Defense                  
   William Karlsson         Jason Dickinson          Pavel Buchnevich         John Carlson             Mario Ferraro            

Goaltenders
Starting : Scott Wedgewood          
Backup : Chris Driedger           

Extra Forwards
Normal : Pavel Buchnevich, Matt Duchene, William Karlsson - PP : William Karlsson, Brock Boeser - PK : Christian Dvorak
Extra Defensemen
Normal : Carson Soucy, Kevin Shattenkirk, Mario Ferraro - PP : John Carlson - PK : Ian Cole, Torey Krug
Penalty Shots
Matt Duchene, Pavel Buchnevich, Brock Boeser, Ryan Strome, William Karlsson

Scratches
Matt Grzelcyk (Healthy), Sam Steel (Healthy)

% Time on Ice - COLUMBUS Blue Jackets

Lines # - Real PCT - Wanted PCT - Time Play
Normal Forward
1 - 38% - 40% - 16:08
2 - 29% - 30% - 12:30
3 - 22% - 20% - 9:16
4 - 11% - 10% - 4:46
Normal Defense
1 - 38% - 40% - 16:01
2 - 34% - 30% - 14:41
3 - 27% - 20% - 11:20
4 - 1% - 10% - 0:38
PP Forward
1 - 50% - 60% - 4:26
2 - 50% - 40% - 4:21
PP Defense
1 - 58% - 60% - 5:06
2 - 42% - 40% - 3:41
PK Forward
1 - 60% - 60% - 4:12
2 - 40% - 40% - 2:49
PK Defense
1 - 61% - 60% - 4:16
2 - 39% - 40% - 2:45
PK3 Forward
1 - 89% - 60% - 2:06
2 - 11% - 40% - 0:15
PK3 Defense
1 - 77% - 60% - 1:48
2 - 23% - 40% - 0:33
44 Forward
1 - 0% - 60%
2 - 0% - 40%
44 Defense
1 - 0% - 60%
2 - 0% - 40%
Last Minute Offensive  - 0:00
Last Minute Defensive  - 0:00
Total
Forward - 60:49
Defense - 60:49

% Time on Ice - WASHINGTON Capitals

Lines # - Real PCT - Wanted PCT - Time Play
Normal Forward
1 - 40% - 40% - 17:09
2 - 29% - 30% - 12:19
3 - 21% - 25% - 9:09
4 - 9% - 5% - 4:03
Normal Defense
1 - 38% - 40% - 16:08
2 - 28% - 30% - 11:49
3 - 30% - 20% - 12:52
4 - 4% - 10% - 1:51
PP Forward
1 - 51% - 60% - 4:24
2 - 49% - 40% - 4:09
PP Defense
1 - 55% - 70% - 4:42
2 - 45% - 30% - 3:51
PK Forward
1 - 92% - 60% - 8:04
2 - 8% - 40% - 0:43
PK Defense
1 - 46% - 60% - 4:00
2 - 54% - 40% - 4:47
PK3 Forward
1 - 0% - 60%
2 - 0% - 40%
PK3 Defense
1 - 0% - 60%
2 - 0% - 40%
44 Forward
1 - 100% - 60% - 0:49
2 - 0% - 40% - 0:00
44 Defense
1 - 73% - 60% - 0:36
2 - 27% - 40% - 0:13
Last Minute Offensive  - 0:00
Last Minute Defensive  - 0:00
Total
Forward - 60:49
Defense - 60:49

Play-by-Play

1st period


0:01 of 1st period - Matt Duchene wins face-off versus Artturi Lehkonen in neutral zone.
0:14 of 1st period - Shot by Matt Duchene.
0:14 of 1st period - Stopped by Thatcher Demko without a rebound.
0:15 of 1st period - William Karlsson wins face-off versus Lars Eller in COLUMBUS Blue Jackets zone.
0:34 of 1st period - Shot by Casey Mittelstadt.
0:34 of 1st period - Stopped by Thatcher Demko without a rebound.
0:35 of 1st period - Jake Evans wins face-off versus Christian Dvorak in COLUMBUS Blue Jackets zone.
0:41 of 1st period - Ondrej Palat is hit by Carson Soucy.
1:09 of 1st period - Ondrej Palat is hit by Carson Soucy and loses puck.
1:46 of 1st period - Artturi Lehkonen is hit by Brock Boeser and loses puck.
2:02 of 1st period - Anthony Cirelli is hit by Kevin Shattenkirk and loses puck.
2:07 of 1st period - Shot by Artturi Lehkonen.
2:07 of 1st period - Stopped by Scott Wedgewood without a rebound.
2:08 of 1st period - William Karlsson wins face-off versus Lars Eller in WASHINGTON Capitals zone.
3:18 of 1st period - Shot by Barrett Hayton.
3:18 of 1st period - Shot Misses the Net.
3:25 of 1st period - Icing by Martin Fehervary.
3:26 of 1st period - Lars Eller wins face-off versus Matt Duchene in COLUMBUS Blue Jackets zone.
3:44 of 1st period - Minor Penalty to Artturi Lehkonen for Tripping.
3:45 of 1st period - Anthony Cirelli wins face-off versus Matt Duchene in COLUMBUS Blue Jackets zone.
4:14 of 1st period - Shot by Matt Duchene.
4:14 of 1st period - Shot Misses the Net.
4:16 of 1st period - Shot by Ryan Strome.
4:16 of 1st period - Shot Misses the Net.
4:18 of 1st period - Shot by John Carlson.
4:18 of 1st period - Stopped by Thatcher Demko without a rebound.
4:19 of 1st period - Zemgus Girgensons wins face-off versus William Karlsson in COLUMBUS Blue Jackets zone.
4:19 of 1st period - Zemgus Girgensons is hit by Pavel Buchnevich.
4:37 of 1st period - Zemgus Girgensons is hit by Pavel Buchnevich and loses puck.
4:57 of 1st period - Icing by Torey Krug.
4:58 of 1st period - Anthony Cirelli wins face-off versus William Karlsson in WASHINGTON Capitals zone.
4:58 of 1st period - Neal Pionk is hit by Mario Ferraro and loses puck.
5:02 of 1st period - Icing by Mario Ferraro.
5:03 of 1st period - Evan Rodrigues wins face-off versus William Karlsson in WASHINGTON Capitals zone.
6:05 of 1st period - Shot by Christian Dvorak.
6:05 of 1st period - Stopped by Thatcher Demko with a rebound.
6:14 of 1st period - Minor Penalty to Andre Burakovsky for Tripping.
6:15 of 1st period - Anthony Cirelli wins face-off versus Matt Duchene in COLUMBUS Blue Jackets zone.
6:26 of 1st period - Ryan Pulock is hit by Ryan Strome and loses puck.
6:45 of 1st period - Icing by John Carlson.
6:46 of 1st period - Anthony Cirelli wins face-off versus Matt Duchene in WASHINGTON Capitals zone.
7:13 of 1st period - Shot by Brock Boeser.
7:13 of 1st period - Goal by Brock Boeser - COLUMBUS Blue Jackets : 0 - WASHINGTON Capitals : 1.
7:14 of 1st period - Eric Staal wins face-off versus Barrett Hayton in neutral zone.
7:20 of 1st period - Off-side.
7:21 of 1st period - Anthony Cirelli wins face-off versus Barrett Hayton in neutral zone.
7:27 of 1st period - Icing by Carson Soucy.
7:28 of 1st period - Barrett Hayton wins face-off versus Blake Coleman in WASHINGTON Capitals zone.
7:36 of 1st period - Icing by Dmitry Orlov.
7:37 of 1st period - Anthony Cirelli wins face-off versus Matt Duchene in COLUMBUS Blue Jackets zone.
7:59 of 1st period - Blake Coleman is hit by Ian Cole.
9:45 of 1st period - Icing by Matt Benning.
9:46 of 1st period - Eric Staal wins face-off versus Christian Dvorak in COLUMBUS Blue Jackets zone.
9:46 of 1st period - Eric Staal is hit by Ryan Strome.
9:49 of 1st period - Ryan Poehling is hit by Jason Dickinson and loses puck.
9:59 of 1st period - Ryan Poehling is hit by Jason Dickinson and loses puck.
10:30 of 1st period - Ryan Pulock is hit by Ryan Strome and loses puck.
10:44 of 1st period - Icing by Kevin Shattenkirk.
10:45 of 1st period - Jake Evans wins face-off versus Travis Boyd in WASHINGTON Capitals zone.
10:45 of 1st period - Neal Pionk is hit by John Carlson and loses puck.
11:14 of 1st period - Shot by Ross Colton.
11:14 of 1st period - Stopped by Thatcher Demko without a rebound.
11:15 of 1st period - Matt Duchene wins face-off versus Anthony Cirelli in COLUMBUS Blue Jackets zone.
11:15 of 1st period - Matt Duchene is hit by Dmitry Orlov.
11:31 of 1st period - Shot by Pavel Buchnevich.
11:31 of 1st period - Stopped by Thatcher Demko without a rebound.
11:32 of 1st period - Lars Eller wins face-off versus Ivan Barbashev in COLUMBUS Blue Jackets zone.
11:32 of 1st period - Lars Eller is hit by Casey Mittelstadt.
12:02 of 1st period - Shot by Carson Soucy.
12:02 of 1st period - Shot Blocked by Matt Benning.
12:04 of 1st period - Shot by Ivan Barbashev.
12:04 of 1st period - Stopped by Thatcher Demko without a rebound.
12:05 of 1st period - Matt Duchene wins face-off versus Anthony Cirelli in COLUMBUS Blue Jackets zone.
13:23 of 1st period - Icing by Neal Pionk.
13:24 of 1st period - Christian Dvorak wins face-off versus Lars Eller in COLUMBUS Blue Jackets zone.
13:24 of 1st period - Christian Dvorak is hit by Martin Fehervary.
14:30 of 1st period - Icing by Ryan Pulock.
14:31 of 1st period - Jake Evans wins face-off versus Matt Duchene in COLUMBUS Blue Jackets zone.
14:31 of 1st period - Jake Evans is hit by Matt Duchene.
14:36 of 1st period - Off-side.
14:37 of 1st period - Anthony Cirelli wins face-off versus Matt Duchene in neutral zone.
14:41 of 1st period - Blake Coleman is hit by Torey Krug and loses puck.
14:52 of 1st period - Shot by Brock Boeser.
14:52 of 1st period - Stopped by Thatcher Demko with a rebound.
14:54 of 1st period - Shot by Pavel Buchnevich.
14:54 of 1st period - Shot Misses the Net.
14:56 of 1st period - Shot by John Carlson.
14:56 of 1st period - Shot Blocked by Dmitry Orlov.
14:58 of 1st period - Shot by Pavel Buchnevich.
14:58 of 1st period - Shot Misses the Net.
15:12 of 1st period - Shot by Pavel Buchnevich.
15:12 of 1st period - Stopped by Thatcher Demko without a rebound.
15:13 of 1st period - William Karlsson wins face-off versus Jake Evans in COLUMBUS Blue Jackets zone.
15:32 of 1st period - Shot by Ivan Barbashev.
15:32 of 1st period - Shot Misses the Net.
15:56 of 1st period - Shot by Andre Burakovsky.
15:56 of 1st period - Shot Misses the Net.
16:03 of 1st period - Icing by Mario Ferraro.
16:04 of 1st period - William Karlsson wins face-off versus Anthony Cirelli in WASHINGTON Capitals zone.
16:09 of 1st period - Shot by Blake Coleman.
16:09 of 1st period - Shot Misses the Net.
16:11 of 1st period - Shot by Dmitry Orlov.
16:11 of 1st period - Shot Blocked by Mario Ferraro.
16:13 of 1st period - Shot by Anthony Cirelli.
16:13 of 1st period - Stopped by Scott Wedgewood without a rebound.
16:14 of 1st period - Anthony Cirelli wins face-off versus Matt Duchene in WASHINGTON Capitals zone.
16:37 of 1st period - Shot by Artturi Lehkonen.
16:37 of 1st period - Shot Misses the Net.
16:39 of 1st period - Shot by Artturi Lehkonen.
16:39 of 1st period - Stopped by Scott Wedgewood without a rebound.
16:40 of 1st period - Christian Dvorak wins face-off versus Eric Staal in WASHINGTON Capitals zone.
16:49 of 1st period - Shot by Neal Pionk.
16:49 of 1st period - Shot Blocked by Torey Krug.
17:00 of 1st period - Ryan Poehling is hit by Torey Krug and loses puck.
17:03 of 1st period - Shot by Eric Staal.
17:03 of 1st period - Shot Misses the Net.
17:05 of 1st period - Shot by Eric Staal.
17:05 of 1st period - Stopped by Scott Wedgewood with a rebound.
17:07 of 1st period - Shot by Eric Staal.
17:07 of 1st period - Shot Misses the Net.
17:14 of 1st period - Zemgus Girgensons is hit by Ian Cole and loses puck.
17:24 of 1st period - Icing by Torey Krug.
17:25 of 1st period - Anthony Cirelli wins face-off versus Christian Dvorak in WASHINGTON Capitals zone.
17:25 of 1st period - Ryan Pulock is hit by Torey Krug and loses puck.
17:31 of 1st period - Ian Cole is hit by Blake Coleman and loses puck.
18:08 of 1st period - Minor Penalty to Ryan Pulock for Hooking.
18:09 of 1st period - William Karlsson wins face-off versus Anthony Cirelli in COLUMBUS Blue Jackets zone.
18:27 of 1st period - Icing by Brock Boeser.
18:28 of 1st period - William Karlsson wins face-off versus Anthony Cirelli in WASHINGTON Capitals zone.
18:33 of 1st period - Shot by Pavel Buchnevich.
18:33 of 1st period - Stopped by Thatcher Demko without a rebound.
18:34 of 1st period - Anthony Cirelli wins face-off versus Matt Duchene in COLUMBUS Blue Jackets zone.
18:45 of 1st period - Shot by Mario Ferraro.
18:45 of 1st period - Shot Blocked by Calvin de Haan.
18:48 of 1st period - Ivan Barbashev is hit by Dmitry Orlov and loses puck.
18:51 of 1st period - Shot by Mario Ferraro.
18:51 of 1st period - Shot Misses the Net.
19:16 of 1st period - Ryan Strome is hit by Dmitry Orlov and loses puck.
19:33 of 1st period - Shot by William Karlsson.
19:33 of 1st period - Shot Misses the Net.
19:35 of 1st period - Shot by William Karlsson.
19:35 of 1st period - Stopped by Thatcher Demko with a rebound.
19:37 of 1st period - Shot by William Karlsson.
19:37 of 1st period - Shot Misses the Net.
19:58 of 1st period - William Karlsson is hit by Dmitry Orlov and loses puck.
Goals for this period are 0 for COLUMBUS Blue Jackets vs 1 for WASHINGTON Capitals.
Shots for this period are 4 for COLUMBUS Blue Jackets vs 12 for WASHINGTON Capitals.

2nd period


0:01 of 2nd period - William Karlsson wins face-off versus Anthony Cirelli in neutral zone.
0:34 of 2nd period - Shot by Neal Pionk.
0:34 of 2nd period - Shot Misses the Net.
0:36 of 2nd period - Shot by Lars Eller.
0:36 of 2nd period - Stopped by Scott Wedgewood without a rebound.
0:37 of 2nd period - Matt Duchene wins face-off versus Anthony Cirelli in WASHINGTON Capitals zone.
2:04 of 2nd period - Shot by Ivan Barbashev.
2:04 of 2nd period - Stopped by Thatcher Demko without a rebound.
2:05 of 2nd period - Christian Dvorak wins face-off versus Jake Evans in COLUMBUS Blue Jackets zone.
2:33 of 2nd period - Shot by Andre Burakovsky.
2:33 of 2nd period - Shot Misses the Net.
2:35 of 2nd period - Shot by Matt Benning.
2:35 of 2nd period - Shot Blocked by Carson Soucy.
2:42 of 2nd period - Off-side.
2:43 of 2nd period - Evan Rodrigues wins face-off versus William Karlsson in neutral zone.
2:52 of 2nd period - Ivan Barbashev is hit by Lars Eller and loses puck.
3:02 of 2nd period - Icing by Neal Pionk.
3:03 of 2nd period - Barrett Hayton wins face-off versus Lars Eller in COLUMBUS Blue Jackets zone.
3:44 of 2nd period - Neal Pionk is hit by Ross Colton and loses puck.
3:45 of 2nd period - Minor Penalty to Barrett Hayton for Slashing.
3:46 of 2nd period - Anthony Cirelli wins face-off versus William Karlsson in WASHINGTON Capitals zone.
3:56 of 2nd period - Shot by Artturi Lehkonen.
3:56 of 2nd period - Stopped by Scott Wedgewood with a rebound.
3:58 of 2nd period - Shot by Dmitry Orlov.
3:58 of 2nd period - Shot Misses the Net.
4:00 of 2nd period - Shot by Dmitry Orlov.
4:00 of 2nd period - Shot Misses the Net.
4:02 of 2nd period - Shot by Ryan Pulock.
4:02 of 2nd period - Shot Misses the Net.
4:49 of 2nd period - Shot by Martin Fehervary.
4:49 of 2nd period - Stopped by Scott Wedgewood with a rebound.
6:27 of 2nd period - Icing by Mario Ferraro.
6:28 of 2nd period - Barrett Hayton wins face-off versus Jake Evans in WASHINGTON Capitals zone.
6:32 of 2nd period - Ross Colton is hit by Martin Fehervary and loses puck.
6:58 of 2nd period - Off-side.
6:59 of 2nd period - Lars Eller wins face-off versus Matt Duchene in neutral zone.
6:59 of 2nd period - Evan Rodrigues is hit by Brock Boeser and loses puck.
7:04 of 2nd period - Shot by Ryan Pulock.
7:04 of 2nd period - Stopped by Scott Wedgewood with a rebound.
7:22 of 2nd period - Shot by Evan Rodrigues.
7:22 of 2nd period - Goal by Evan Rodrigues - COLUMBUS Blue Jackets : 1 - WASHINGTON Capitals : 1.
7:23 of 2nd period - William Karlsson wins face-off versus Anthony Cirelli in neutral zone.
7:51 of 2nd period - Blake Coleman is hit by Carson Soucy and loses puck.
8:08 of 2nd period - Anthony Cirelli is hit by Mario Ferraro and loses puck.
8:22 of 2nd period - Mario Ferraro is hit by Ryan Pulock and loses puck.
8:32 of 2nd period - Ivan Barbashev is hit by Ryan Pulock and loses puck.
8:36 of 2nd period - Icing by Dmitry Orlov.
8:37 of 2nd period - Matt Duchene wins face-off versus Lars Eller in COLUMBUS Blue Jackets zone.
8:44 of 2nd period - Shot by Ryan Pulock.
8:44 of 2nd period - Stopped by Scott Wedgewood without a rebound.
8:45 of 2nd period - Jake Evans wins face-off versus Matt Duchene in WASHINGTON Capitals zone.
9:34 of 2nd period - Pavel Buchnevich is hit by Jake Evans and loses puck.
9:57 of 2nd period - Shot by Blake Coleman.
9:57 of 2nd period - Shot Misses the Net.
10:40 of 2nd period - Icing by Calvin de Haan.
10:41 of 2nd period - William Karlsson wins face-off versus Lars Eller in COLUMBUS Blue Jackets zone.
10:54 of 2nd period - William Karlsson is hit by Evan Rodrigues and loses puck.
11:11 of 2nd period - Ian Cole is hit by Evan Rodrigues and loses puck.
11:41 of 2nd period - Icing by Mario Ferraro.
11:42 of 2nd period - Christian Dvorak wins face-off versus Anthony Cirelli in WASHINGTON Capitals zone.
11:49 of 2nd period - Blake Coleman is hit by Jason Dickinson and loses puck.
12:47 of 2nd period - Shot by Andre Burakovsky.
12:47 of 2nd period - Deflect By Ondrej Palat.
12:47 of 2nd period - Stopped by Scott Wedgewood without a rebound.
12:48 of 2nd period - William Karlsson wins face-off versus Eric Staal in WASHINGTON Capitals zone.
12:48 of 2nd period - William Karlsson is hit by Eric Staal.
12:51 of 2nd period - Icing by Torey Krug.
12:52 of 2nd period - William Karlsson wins face-off versus Ondrej Palat in WASHINGTON Capitals zone.
13:26 of 2nd period - Icing by William Karlsson.
13:27 of 2nd period - Casey Mittelstadt wins face-off versus Anthony Cirelli in WASHINGTON Capitals zone.
14:01 of 2nd period - Shot by Anthony Cirelli.
14:01 of 2nd period - Stopped by Scott Wedgewood with a rebound.
14:04 of 2nd period - Icing by John Carlson.
14:05 of 2nd period - Matt Duchene wins face-off versus Evan Rodrigues in WASHINGTON Capitals zone.
14:14 of 2nd period - Kailer Yamamoto is hit by Pavel Buchnevich and loses puck.
14:20 of 2nd period - Off-side.
14:21 of 2nd period - Christian Dvorak wins face-off versus Jake Evans in neutral zone.
14:30 of 2nd period - Shot by Christian Dvorak.
14:30 of 2nd period - Stopped by Thatcher Demko without a rebound.
14:31 of 2nd period - Anthony Cirelli wins face-off versus Matt Duchene in COLUMBUS Blue Jackets zone.
14:37 of 2nd period - Icing by Anthony Cirelli.
14:38 of 2nd period - Matt Duchene wins face-off versus Anthony Cirelli in COLUMBUS Blue Jackets zone.
14:55 of 2nd period - Shot by Matt Duchene.
14:55 of 2nd period - Stopped by Thatcher Demko without a rebound.
14:56 of 2nd period - Casey Mittelstadt wins face-off versus Lars Eller in COLUMBUS Blue Jackets zone.
15:00 of 2nd period - Icing by Neal Pionk.
15:01 of 2nd period - Matt Duchene wins face-off versus Evan Rodrigues in COLUMBUS Blue Jackets zone.
15:09 of 2nd period - Icing by Evan Rodrigues.
15:10 of 2nd period - Matt Duchene wins face-off versus Lars Eller in COLUMBUS Blue Jackets zone.
15:15 of 2nd period - Shot by Pavel Buchnevich.
15:15 of 2nd period - Stopped by Thatcher Demko without a rebound.
15:16 of 2nd period - Matt Duchene wins face-off versus Blake Coleman in COLUMBUS Blue Jackets zone.
15:19 of 2nd period - Shot by Brock Boeser.
15:19 of 2nd period - Shot Blocked by Ryan Pulock.
15:22 of 2nd period - Icing by Ryan Pulock.
15:23 of 2nd period - Matt Duchene wins face-off versus Anthony Cirelli in COLUMBUS Blue Jackets zone.
16:14 of 2nd period - Matt Duchene is hit by Blake Coleman and loses puck.
16:30 of 2nd period - Icing by Pavel Buchnevich.
16:31 of 2nd period - Lars Eller wins face-off versus Matt Duchene in WASHINGTON Capitals zone.
17:08 of 2nd period - Shot by Kailer Yamamoto.
17:08 of 2nd period - Shot Misses the Net.
17:12 of 2nd period - Shot by Kailer Yamamoto.
17:12 of 2nd period - Shot Blocked by John Carlson.
17:50 of 2nd period - Icing by Ian Cole.
17:51 of 2nd period - Eric Staal wins face-off versus William Karlsson in WASHINGTON Capitals zone.
18:28 of 2nd period - Shot by William Karlsson.
18:28 of 2nd period - Stopped by Thatcher Demko without a rebound.
18:29 of 2nd period - Anthony Cirelli wins face-off versus Christian Dvorak in COLUMBUS Blue Jackets zone.
18:34 of 2nd period - Shot by Neal Pionk.
18:34 of 2nd period - Shot Blocked by Mario Ferraro.
18:35 of 2nd period - Minor Penalty to Carson Soucy for Holding.
18:36 of 2nd period - Anthony Cirelli wins face-off versus William Karlsson in WASHINGTON Capitals zone.
18:47 of 2nd period - Shot by Artturi Lehkonen.
18:47 of 2nd period - Shot Misses the Net.
18:49 of 2nd period - Shot by Artturi Lehkonen.
18:49 of 2nd period - Shot Misses the Net.
18:57 of 2nd period - Shot by Neal Pionk.
18:57 of 2nd period - Stopped by Scott Wedgewood without a rebound.
18:58 of 2nd period - William Karlsson wins face-off versus Evan Rodrigues in WASHINGTON Capitals zone.
19:13 of 2nd period - Ian Cole is hit by Ondrej Palat and loses puck.
19:26 of 2nd period - Shot by Dmitry Orlov.
19:26 of 2nd period - Goal by Dmitry Orlov - COLUMBUS Blue Jackets : 2 - WASHINGTON Capitals : 1.
19:27 of 2nd period - Anthony Cirelli wins face-off versus Christian Dvorak in neutral zone.
19:50 of 2nd period - Shot by Anthony Cirelli.
19:50 of 2nd period - Shot Misses the Net.
19:52 of 2nd period - Shot by Blake Coleman.
19:52 of 2nd period - Shot Misses the Net.
19:59 of 2nd period - Anthony Cirelli is hit by Carson Soucy and loses puck.
Goals for this period are 2 for COLUMBUS Blue Jackets vs 0 for WASHINGTON Capitals.
Shots for this period are 10 for COLUMBUS Blue Jackets vs 5 for WASHINGTON Capitals.

3rd period


0:01 of 3rd period - William Karlsson wins face-off versus Anthony Cirelli in neutral zone.
0:14 of 3rd period - Shot by William Karlsson.
0:14 of 3rd period - Stopped by Thatcher Demko with a rebound.
0:24 of 3rd period - Shot by Ivan Barbashev.
0:24 of 3rd period - Shot Blocked by Anthony Cirelli.
0:26 of 3rd period - Shot by William Karlsson.
0:26 of 3rd period - Stopped by Thatcher Demko without a rebound.
0:27 of 3rd period - Christian Dvorak wins face-off versus Lars Eller in COLUMBUS Blue Jackets zone.
0:27 of 3rd period - Christian Dvorak is hit by Martin Fehervary.
0:57 of 3rd period - Shot by Ryan Strome.
0:57 of 3rd period - Stopped by Thatcher Demko without a rebound.
0:58 of 3rd period - Matt Duchene wins face-off versus Anthony Cirelli in COLUMBUS Blue Jackets zone.
0:59 of 3rd period - Shot by Pavel Buchnevich.
0:59 of 3rd period - Shot Misses the Net.
1:36 of 3rd period - Minor Penalty to Pavel Buchnevich for Roughing.
1:37 of 3rd period - William Karlsson wins face-off versus Evan Rodrigues in WASHINGTON Capitals zone.
1:49 of 3rd period - Off-side.
1:50 of 3rd period - Evan Rodrigues wins face-off versus William Karlsson in neutral zone.
2:49 of 3rd period - Icing by Ryan Pulock.
2:50 of 3rd period - Anthony Cirelli wins face-off versus William Karlsson in COLUMBUS Blue Jackets zone.
3:05 of 3rd period - Shot by Ryan Pulock.
3:05 of 3rd period - Shot Misses the Net.
3:07 of 3rd period - Shot by Anthony Cirelli.
3:07 of 3rd period - Stopped by Scott Wedgewood with a rebound.
3:12 of 3rd period - Blake Coleman is hit by Mario Ferraro and loses puck.
3:17 of 3rd period - Shot by Blake Coleman.
3:17 of 3rd period - Shot Misses the Net.
3:19 of 3rd period - Shot by Ryan Pulock.
3:19 of 3rd period - Shot Misses the Net.
3:21 of 3rd period - Shot by Anthony Cirelli.
3:21 of 3rd period - Stopped by Scott Wedgewood without a rebound.
3:22 of 3rd period - Christian Dvorak wins face-off versus Evan Rodrigues in WASHINGTON Capitals zone.
3:37 of 3rd period - Brock Boeser is hit by Eric Staal and loses puck.
3:50 of 3rd period - Shot by Pavel Buchnevich.
3:50 of 3rd period - Stopped by Thatcher Demko without a rebound.
3:51 of 3rd period - Jake Evans wins face-off versus Barrett Hayton in COLUMBUS Blue Jackets zone.
3:58 of 3rd period - Icing by Ryan Pulock.
3:59 of 3rd period - Matt Duchene wins face-off versus Jake Evans in COLUMBUS Blue Jackets zone.
3:59 of 3rd period - Pavel Buchnevich is hit by Ryan Pulock and loses puck.
4:06 of 3rd period - Mario Ferraro is hit by Ondrej Palat.
4:26 of 3rd period - Shot by Ryan Pulock.
4:26 of 3rd period - Stopped by Scott Wedgewood without a rebound.
4:27 of 3rd period - Anthony Cirelli wins face-off versus Christian Dvorak in WASHINGTON Capitals zone.
4:27 of 3rd period - Neal Pionk is hit by Kevin Shattenkirk and loses puck.
4:29 of 3rd period - Minor Penalty to Kevin Shattenkirk for Holding.
4:30 of 3rd period - William Karlsson wins face-off versus Anthony Cirelli in WASHINGTON Capitals zone.
4:30 of 3rd period - William Karlsson is hit by Blake Coleman.
4:50 of 3rd period - Shot by Anthony Cirelli.
4:50 of 3rd period - Stopped by Scott Wedgewood without a rebound.
4:51 of 3rd period - Evan Rodrigues wins face-off versus William Karlsson in WASHINGTON Capitals zone.
5:49 of 3rd period - Ryan Pulock is hit by William Karlsson and loses puck.
6:15 of 3rd period - Barrett Hayton is hit by Neal Pionk and loses puck.
6:22 of 3rd period - Shot by Christian Dvorak.
6:22 of 3rd period - Shot Blocked by Neal Pionk.
6:45 of 3rd period - Brock Boeser is hit by Calvin de Haan and loses puck.
6:59 of 3rd period - Icing by Calvin de Haan.
7:00 of 3rd period - Eric Staal wins face-off versus William Karlsson in COLUMBUS Blue Jackets zone.
7:28 of 3rd period - William Karlsson is hit by Calvin de Haan and loses puck.
7:48 of 3rd period - Icing by William Karlsson.
7:49 of 3rd period - William Karlsson wins face-off versus Anthony Cirelli in WASHINGTON Capitals zone.
7:51 of 3rd period - Icing by Ivan Barbashev.
7:52 of 3rd period - William Karlsson wins face-off versus Anthony Cirelli in WASHINGTON Capitals zone.
7:56 of 3rd period - Mario Ferraro is hit by Ryan Pulock.
8:03 of 3rd period - Icing by Ryan Pulock.
8:04 of 3rd period - Anthony Cirelli wins face-off versus Christian Dvorak in COLUMBUS Blue Jackets zone.
8:15 of 3rd period - Minor Penalty to Dmitry Orlov for Holding.
8:16 of 3rd period - William Karlsson wins face-off versus Anthony Cirelli in COLUMBUS Blue Jackets zone.
8:22 of 3rd period - William Karlsson is hit by Martin Fehervary and loses puck.
8:35 of 3rd period - Shot by Kevin Shattenkirk.
8:35 of 3rd period - Stopped by Thatcher Demko without a rebound.
8:36 of 3rd period - Matt Duchene wins face-off versus Anthony Cirelli in COLUMBUS Blue Jackets zone.
8:41 of 3rd period - Shot by Ivan Barbashev.
8:41 of 3rd period - Stopped by Thatcher Demko without a rebound.
8:42 of 3rd period - Matt Duchene wins face-off versus Anthony Cirelli in COLUMBUS Blue Jackets zone.
8:42 of 3rd period - Minor Penalty to Calvin de Haan for Interference.
8:43 of 3rd period - Artturi Lehkonen wins face-off versus Matt Duchene in COLUMBUS Blue Jackets zone.
9:50 of 3rd period - Shot by Torey Krug.
9:50 of 3rd period - Stopped by Thatcher Demko without a rebound.
9:51 of 3rd period - William Karlsson wins face-off versus Artturi Lehkonen in COLUMBUS Blue Jackets zone.
9:56 of 3rd period - Shot by William Karlsson.
9:56 of 3rd period - Stopped by Thatcher Demko with a rebound.
10:11 of 3rd period - Shot by Torey Krug.
10:11 of 3rd period - Shot Misses the Net.
10:13 of 3rd period - Shot by Pavel Buchnevich.
10:13 of 3rd period - Stopped by Thatcher Demko without a rebound.
10:14 of 3rd period - Matt Duchene wins face-off versus Anthony Cirelli in COLUMBUS Blue Jackets zone.
10:15 of 3rd period - Shot by Ivan Barbashev.
10:15 of 3rd period - Stopped by Thatcher Demko without a rebound.
10:16 of 3rd period - Matt Duchene wins face-off versus Anthony Cirelli in COLUMBUS Blue Jackets zone.
10:17 of 3rd period - Shot by Ryan Strome.
10:17 of 3rd period - Shot Misses the Net.
10:37 of 3rd period - Shot by Ivan Barbashev.
10:37 of 3rd period - Deflect By Ryan Strome.
10:37 of 3rd period - Shot Misses the Net.
10:49 of 3rd period - Shot by Barrett Hayton.
10:49 of 3rd period - Stopped by Thatcher Demko without a rebound.
10:50 of 3rd period - Barrett Hayton wins face-off versus Jake Evans in COLUMBUS Blue Jackets zone.
12:28 of 3rd period - Icing by Kevin Shattenkirk.
12:29 of 3rd period - Anthony Cirelli wins face-off versus Matt Duchene in WASHINGTON Capitals zone.
12:36 of 3rd period - Shot by Blake Coleman.
12:36 of 3rd period - Shot Misses the Net.
12:44 of 3rd period - Shot by Matt Duchene.
12:44 of 3rd period - Stopped by Thatcher Demko without a rebound.
12:45 of 3rd period - William Karlsson wins face-off versus Lars Eller in COLUMBUS Blue Jackets zone.
12:50 of 3rd period - Shot by Ivan Barbashev.
12:50 of 3rd period - Stopped by Thatcher Demko with a rebound.
12:52 of 3rd period - Shot by Ivan Barbashev.
12:52 of 3rd period - Goal by Ivan Barbashev - COLUMBUS Blue Jackets : 2 - WASHINGTON Capitals : 2.
12:53 of 3rd period - Anthony Cirelli wins face-off versus William Karlsson in neutral zone.
14:03 of 3rd period - Shot by Kailer Yamamoto.
14:03 of 3rd period - Stopped by Scott Wedgewood with a rebound.
14:24 of 3rd period - Shot by Evan Rodrigues.
14:24 of 3rd period - Stopped by Scott Wedgewood without a rebound.
14:25 of 3rd period - Matt Duchene wins face-off versus Eric Staal in WASHINGTON Capitals zone.
14:27 of 3rd period - Icing by Pavel Buchnevich.
14:28 of 3rd period - Andre Burakovsky wins face-off versus Matt Duchene in WASHINGTON Capitals zone.
14:41 of 3rd period - Shot by Jake Evans.
14:41 of 3rd period - Stopped by Scott Wedgewood without a rebound.
14:42 of 3rd period - Christian Dvorak wins face-off versus Anthony Cirelli in WASHINGTON Capitals zone.
14:54 of 3rd period - Artturi Lehkonen is hit by Jason Dickinson and loses puck.
15:09 of 3rd period - Shot by Artturi Lehkonen.
15:09 of 3rd period - Stopped by Scott Wedgewood without a rebound.
15:10 of 3rd period - Lars Eller wins face-off versus Pavel Buchnevich in WASHINGTON Capitals zone.
15:51 of 3rd period - Shot by Neal Pionk.
15:51 of 3rd period - Shot Misses the Net.
15:53 of 3rd period - Shot by Lars Eller.
15:53 of 3rd period - Stopped by Scott Wedgewood without a rebound.
15:54 of 3rd period - Ryan Strome wins face-off versus Anthony Cirelli in WASHINGTON Capitals zone.
16:09 of 3rd period - Icing by Dmitry Orlov.
16:10 of 3rd period - Anthony Cirelli wins face-off versus William Karlsson in COLUMBUS Blue Jackets zone.
16:10 of 3rd period - Anthony Cirelli is hit by Casey Mittelstadt.
16:26 of 3rd period - Minor Penalty to Mario Ferraro for High sticking.
16:27 of 3rd period - William Karlsson wins face-off versus Evan Rodrigues in WASHINGTON Capitals zone.
16:27 of 3rd period - William Karlsson is hit by Kailer Yamamoto.
17:26 of 3rd period - Icing by Anthony Cirelli.
17:27 of 3rd period - Anthony Cirelli wins face-off versus Christian Dvorak in COLUMBUS Blue Jackets zone.
17:33 of 3rd period - Icing by Ryan Pulock.
17:34 of 3rd period - William Karlsson wins face-off versus Anthony Cirelli in COLUMBUS Blue Jackets zone.
17:49 of 3rd period - Shot by Dmitry Orlov.
17:49 of 3rd period - Stopped by Scott Wedgewood without a rebound.
17:50 of 3rd period - Barrett Hayton wins face-off versus Anthony Cirelli in WASHINGTON Capitals zone.
18:05 of 3rd period - Ian Cole is hit by Artturi Lehkonen and loses puck.
18:49 of 3rd period - Minor Penalty to Lars Eller for Tripping.
18:50 of 3rd period - Matt Duchene wins face-off versus Anthony Cirelli in COLUMBUS Blue Jackets zone.
18:53 of 3rd period - Shot by Kevin Shattenkirk.
18:53 of 3rd period - Stopped by Thatcher Demko without a rebound.
18:54 of 3rd period - Anthony Cirelli wins face-off versus Matt Duchene in COLUMBUS Blue Jackets zone.
19:08 of 3rd period - Shot by Kevin Shattenkirk.
19:08 of 3rd period - Shot Misses the Net.
19:22 of 3rd period - Shot by Ivan Barbashev.
19:22 of 3rd period - Stopped by Thatcher Demko without a rebound.
19:23 of 3rd period - Anthony Cirelli wins face-off versus William Karlsson in COLUMBUS Blue Jackets zone.
19:34 of 3rd period - Anthony Cirelli is hit by Brock Boeser and loses puck.
19:47 of 3rd period - Shot by Blake Coleman.
19:47 of 3rd period - Deflect By Evan Rodrigues.
19:47 of 3rd period - Shot Blocked by Pavel Buchnevich.
19:49 of 3rd period - Shot by Blake Coleman.
19:49 of 3rd period - Shot Blocked by Mario Ferraro.
Goals for this period are 0 for COLUMBUS Blue Jackets vs 1 for WASHINGTON Capitals.
Shots for this period are 10 for COLUMBUS Blue Jackets vs 16 for WASHINGTON Capitals.

Overtime #1


0:01 of 1st overtime period - William Karlsson wins face-off versus Artturi Lehkonen in neutral zone.
0:35 of 1st overtime period - Off-side.
0:36 of 1st overtime period - William Karlsson wins face-off versus Artturi Lehkonen in neutral zone.
0:48 of 1st overtime period - Shot by William Karlsson.
0:48 of 1st overtime period - Stopped by Thatcher Demko without a rebound.
0:49 of 1st overtime period - Christian Dvorak wins face-off versus Eric Staal in COLUMBUS Blue Jackets zone.
0:54 of 1st overtime period - Shot by Barrett Hayton.
0:54 of 1st overtime period - Shot Misses the Net.
0:56 of 1st overtime period - Shot by Christian Dvorak.
0:56 of 1st overtime period - Stopped by Thatcher Demko without a rebound.
0:57 of 1st overtime period - Eric Staal wins face-off versus Christian Dvorak in COLUMBUS Blue Jackets zone.
0:59 of 1st overtime period - Icing by Ryan Pulock.
1:00 of 1st overtime period - Christian Dvorak wins face-off versus Eric Staal in COLUMBUS Blue Jackets zone.
1:09 of 1st overtime period - Shot by Christian Dvorak.
1:09 of 1st overtime period - Shot Hit the Post.
1:11 of 1st overtime period - Shot by Barrett Hayton.
1:11 of 1st overtime period - Shot Misses the Net.
1:31 of 1st overtime period - Shot by Barrett Hayton.
1:31 of 1st overtime period - Deflect By Christian Dvorak.
1:31 of 1st overtime period - Stopped by Thatcher Demko with a rebound.
1:33 of 1st overtime period - Shot by Barrett Hayton.
1:33 of 1st overtime period - Goal by Barrett Hayton - COLUMBUS Blue Jackets : 2 - WASHINGTON Capitals : 3.
Goals for this period are 0 for COLUMBUS Blue Jackets vs 1 for WASHINGTON Capitals.
Shots for this period are 0 for COLUMBUS Blue Jackets vs 4 for WASHINGTON Capitals. Output by the SimonT Hockey Simulator (STHS) for Martin Benoit - Original Page W3C HTML5 Valid
Hockey Simulator - Hockey Simulation - Hockey Manager